Map: Dusty Gorge

Players

Massa - Winner!

  • Race: Terran Terran
  • League: Gold
  • Spawn Location: 3:00

qqq - Winner!

  • Race: Zerg Zerg
  • League: Platinum
  • Spawn Location: 5:00

Bischu

  • Race: Terran Terran
  • League: Master
  • Spawn Location: 9:00

Hightech

  • Race: Zerg Zerg
  • Spawn Location: 11:00

VOD

Have the link to the VOD?

Description

Time

  • Played on: May 28, 2020, 4:01 p.m.
  • Length: 5:57
Show
View Real Time Build Order
Export as new Build Order

Massa Terran - Winner!

Build Orders:  

Get SALT Encoding   

  12  0:11  Supply Depot  
  12  0:13  SCV  
  13  0:25  SCV  
  14  0:36  Barracks  
  14  0:40  SCV  
  15  0:52  SCV  
  16  1:04  SCV  
  17  1:16  SCV  
  18  1:22  Refinery  
  18  1:24  Supply Depot  
  18  1:25  Marine  
  19  1:28  SCV  
  20  1:42  Marine  
  20  1:46  SCV  
  22  1:58  SCV  
  23  2:07  Barracks  
  23  2:08  Barracks  
  23  2:11  Barracks, Marine  
  24  2:17  Supply Depot  
  24  2:29  Marine  
  25  2:47  Marine  
  25  2:48  Factory  
  25  2:51  Orbital Command  
  26  3:00  Marine x3  
  26  3:04  Marine  
  30  3:17  Marine  
  30  3:18  Marine x2  
  33  3:22  Marine  
  34  3:35  Marine  
  34  3:36  Marine x2  
  34  3:40  Marine  
  38  3:53  Marine  
  38  3:55  Factory Tech Lab  
  39  4:07  Marine  
  39  4:09  Marine  
  39  4:16  Marine  
  37  4:27  Marine  
  37  4:28  Marine  
  39  4:35  Supply Depot  
  39  4:49  Marine  
  39  4:56  Marine x3  
  39  4:57  Siege Tank  
  39  4:58  Supply Depot  
  44  5:07  Marine  
  45  5:14  Marine x2  
  45  5:19  Marine  
  48  5:21  Supply Depot  
  48  5:25  Marine  
  49  5:32  Marine  
Show
View Real Time Build Order
Export as new Build Order

qqq Zerg - Winner!

Build Orders: Hatch First 

Get SALT Encoding   

  12  0:04  Drone  
  13  0:12  Drone  
  14  0:36  Hatchery  
  13  0:53  Spawning Pool  
  12  1:00  Overlord  
  12  1:05  Drone  
  12  1:09  Drone  
  14  1:15  Extractor  
  14  1:16  Drone  
  14  1:25  Drone  
  15  1:43  Queen  
  15  1:45  Drone  
  18  1:52  Queen  
  20  1:55  Drone  
  20  1:58  Zergling x2  
  20  1:59  Zergling x2  
  23  2:04  Zergling x2  
  24  2:11  Zergling x2  
  24  2:14  Zergling x2  
  26  2:17  Zergling x2  
  27  2:24  Drone  
  27  2:28  Overlord  
  28  2:35  Overlord  
  28  2:48  Zergling x2  
  28  2:49  Zergling x2  
  28  2:51  Metabolic Boost  
  30  2:56  Zergling x4  
  32  3:02  Drone  
  32  3:03  Drone  
  34  3:09  Zergling x2  
  34  3:10  Zergling x2  
  36  3:19  Zergling x4  
  38  3:21  Drone  
  39  3:33  Zergling x6  
  41  3:44  Zergling x4  
  41  3:45  Zergling x2  
  42  3:49  Overlord  
  39  4:01  Zergling x10  
  40  4:11  Zergling x2  
  40  4:12  Drone, Zergling x2  
  40  4:13  Zergling x2  
  43  4:35  Zergling x2  
  43  4:36  Zergling x6  
  41  4:50  Zergling x4  
  41  4:51  Zergling x8  
  41  4:52  Zergling x4  
  46  5:04  Drone  
  46  5:05  Baneling Nest  
  46  5:06  Zergling x2  
  46  5:15  Zergling x2  
  47  5:26  Zergling x2  
  47  5:27  Drone x2  
  46  5:38  Zergling x8  
  46  5:39  Drone  
Show
View Real Time Build Order
Export as new Build Order

Bischu Terran 

Build Orders:  

Get SALT Encoding   

  12  0:01  SCV  
  13  0:13  SCV  
  14  0:19  Supply Depot  
  14  0:25  SCV  
  15  0:30  Refinery  
  15  0:40  SCV  
  16  0:49  Barracks  
  16  0:56  SCV  
  17  1:04  Refinery  
  17  1:09  SCV  
  18  1:21  SCV  
  19  1:33  SCV  
  19  1:38  Marine  
  21  1:43  Supply Depot  
  21  1:46  Factory  
  21  1:48  Orbital Command  
  21  2:14  SCV  
  22  2:19  Marine  
  23  2:26  SCV  
  24  2:30  Starport  
  24  2:38  SCV  
  24  2:40  Factory Tech Lab  
  24  2:47  Marine  
  24  2:50  SCV  
  26  2:51  Supply Depot  
  26  3:03  SCV  
  27  3:10  Fusion Core  
  27  3:15  SCV  
  28  3:23  Banshee  
  31  3:29  Command Center  
  31  3:31  SCV  
  32  3:35  Factory Reactor  
  28  4:01  Marine  
  15  4:32  Marine  
  2  5:07  Orbital Command  
Show
View Real Time Build Order
Export as new Build Order

Hightech Zerg 

Build Orders: Hatch First 

Get SALT Encoding   

  12  0:01  Drone  
  13  0:09  Drone  
  14  0:17  Overlord  
  14  0:36  Drone x3  
  17  0:58  Hatchery  
  17  1:01  Drone  
  17  1:12  Extractor  
  17  1:14  Spawning Pool  
  15  1:29  Drone  
  15  1:30  Drone x2  
  18  2:01  Queen  
  20  2:02  Zergling x4  
  20  2:04  Overlord  
  22  2:10  Queen  
  22  2:11  Drone  
  25  2:16  Zergling x2  
  26  2:30  Metabolic Boost  
  26  2:41  Drone x2  
  28  2:52  Zergling x6  
  31  2:59  Hatchery  
  30  3:11  Baneling Nest  
  28  3:37  Zergling x2  
  28  3:38  Zergling x6  
  32  3:41  Drone  
  32  3:42  Drone x2  
  33  4:06  Zergling x6  
  33  4:11  Zergling x10  
  37  4:23  Zergling x2  
  35  4:24  Zergling x4  
  35  4:27  Zergling x2  
  35  4:28  Zergling x6  
  30  4:55  Queen  
  25  5:09  Zergling x2  
  25  5:10  Zergling x10  
  25  5:13  Zergling x12  
  35  5:21  Overlord  
  35  5:22  Overlord  
Tags
 
Add a new tag
Caveats
  • Supply blocks, unpowered buildings, or Contaminate may cause inaccurate times.
  • Supply counts are checked every 10 seconds.